 Dungeon Crawl Stone Soup version 0.31-a0-150-g89dc3ad700 (webtiles) character file.

Game seed: 6314758749519146099

2183 promet the Nimble (level 9, -1/68 HPs)
             Began as a Merfolk Gladiator on June 8, 2023.
             Was a Believer of Ru.
             Succumbed to Duvessa's poison
             ... on level 7 of the Dungeon.
             The game lasted 00:45:30 (11566 turns).

promet the Nimble (Merfolk Gladiator)              Turns: 11566, Time: 00:45:30

Health: -1/68      AC: 10    Str: 16    XL:     9   Next: 33%
Magic:  9/9        EV: 16    Int: 10    God:    Ru [**....]
Gold:   179        SH:  0    Dex: 15    Spells: 6/8 levels left

rFire   x . .        a - +7 club
rCold   x . .        (no shield)
rNeg    . . .        n - +0 steam dragon scales
rPois   .            D - +2 hat
rElec   .            v - +2 cloak
rCorr   .            (no gloves)
SInv    .            (no boots)
Will    .....        (no amulet)
Stlth   ++           f - ring of flight
HPRegen 0.31/turn    (no ring)
MPRegen 0.11/turn

%: no passive effects
@: lethally poisoned (-1 -> -23), flying
A: temperature sensitive, (nimble swimmer 2), mertail
a: Renounce Religion


You were on level 7 of the Dungeon.
You worshipped Ru.
Ru was pleased with you.
You visited 1 branch of the dungeon, and saw 7 of its levels.
You also visited: Sewer.

You collected 304 gold pieces.
You spent 125 gold pieces at shops.

Inventory:

Hand Weapons
 a - a +7 club (weapon)
 b - a +0 shortbow of freezing
 g - a +0 rapier
 m - a +1 trident
 s - a +0 war axe
 u - a +0 halberd
 y - a +0 sling
Missiles
 e - a javelin
 i - 15 poisoned darts
 k - 63 stones
Armour
 c - a +0 helmet
 j - a +1 leather armour
 n - +0 steam dragon scales (worn)
 o - the +1 cloak "Muij" {-Tele Harm Fly rF+}
   (You found it on level 3 of the Dungeon)

   rF:        It protects you from fire.
   Fly:       It grants you flight.
   -Tele:     It prevents most forms of teleportation.
   Harm:      It increases damage dealt and taken.
 q - a +0 chain mail
 v - a +2 cloak (worn)
 D - a +2 hat (worn)
Jewellery
 f - a ring of flight (left hand)
 l - an amulet of faith
Wands
 h - a wand of iceblast (3)
Scrolls
 r - 2 scrolls of fog
 B - 2 scrolls of noise
Potions
 t - a potion of lignification
 w - 3 potions of attraction
 x - 6 potions of enlightenment


   Skills:
 + Level 5.1 Fighting
 + Level 4.9 Maces & Flails
 + Level 5.3 Polearms
 + Level 2.2 Ranged Weapons
 + Level 2.7 Throwing
 + Level 3.3 Armour
 * Level 9.3 Dodging
 + Level 2.2 Stealth
 + Level 0.1 Spellcasting
 + Level 0.2 Ice Magic


You had 6 spell levels left.
You knew the following spells:

 Your Spells              Type           Power      Damage    Failure   Level
a - Freeze                Ice            0%         1d3       34%         1
b - Sandblast             Erth           0%         2d4       36%         1

Your spell library contained the following spells:

 Spells                   Type           Power      Damage    Failure   Level
 Cigotuvi's Dreadful Rot  Necr/Pois/Air  0%         N/A       50%         2
 Passwall                 Tmut/Erth      0%         N/A       50%         2
 Frozen Ramparts          Ice            0%         1d1       71%         3
 Hailstorm                Conj/Ice       0%         3d3       71%         3
 Call Canine Familiar     Summ           0%         N/A       75%         3
 Portal Projectile        Hex/Tloc       0%         N/A       75%         3
 Stone Arrow              Conj/Erth      0%         3d7       75%         3
 Dispel Undead            Necr           0%         3d6       98%         4
 Leda's Liquefaction      Hex/Erth       0%         N/A       98%         4
 Death Channel            Necr           0%         N/A       100%        6


Dungeon Overview and Level Annotations

Branches:
Dungeon (7/15)              Sewer (visited)
 Temple: D:4-7

Altars:
Ashenzari
Okawaru
Ru
Xom

Shops:
D:5 *   D:6 =

Annotations:
D:1 2 transporters
D:4 Pikel
D:7 Dowan, Duvessa


Innate Abilities, Weirdness & Mutations

You are sensitive to extremes of temperature. (rF-, rC-)
((You are very nimble when in or above water. (Stealth+, EV+, Speed+++)))
Your lower body shifts to a powerful aquatic tail in water.


Message History

Something tries to affect you, but you resist.
Duvessa hits you but does no damage.
You are more poisoned.
You are too confused!
You hit Duvessa but do no damage.
Duvessa is heavily wounded.
You feel less invigorated.
You feel less confused.
You feel very sick. Duvessa barely misses you. Something barely misses you.
You hit Duvessa but do no damage.
Duvessa is heavily wounded.
You feel very sick.
Duvessa hits you with a +1 short sword of venom.
You are more poisoned.
Something hits you but does no damage. Duvessa hits you but does no damage.
You hit Duvessa but do no damage.
Duvessa is heavily wounded.
You feel very sick. Duvessa hits you but does no damage.
You are lethally poisoned!
Something barely misses you.
You hit Duvessa.
Duvessa is severely wounded.
* * * LOW HITPOINT WARNING * * *
You feel extremely sick.
Duvessa barely misses you. x2; Something hits you but does no damage.
You barely miss Duvessa.
Duvessa is severely wounded.
* * * LOW HITPOINT WARNING * * *
You feel very sick.
Duvessa hits you with a +1 short sword of venom!
* * * LOW HITPOINT WARNING * * *
You are more poisoned.
Something barely misses you.
Duvessa hits you with a +1 short sword of venom.
* * * LOW HITPOINT WARNING * * *
You barely miss Duvessa. Your punch misses Duvessa.
Duvessa is severely wounded.
You die...

... ##+### #.# ###
+.(.+. #.##...
#...#. ####.#..#
#._.#.+##+..#...#
#...#.#..##....# .
+...+.#..##...# .#
+###{###'..'....#
.#
#...@e..#..###..#.#
#.......#..###..'#
+###+###'###.##.#.#
#.###.†.#.##.#..#
#.>.<...#.##.##..#
#####.#...##..##..
#...#.##...##.
##.##.#..### .
#......##


You could see Duvessa (fast).

Vanquished Creatures
  4 yaks
  Eustachio (D:4)
  A steam dragon (D:6)
  A water moccasin (D:6)
  2 sky beasts (D:6)
  A black bear (D:4)
  4 lemures
  Blork the orc (D:4)
  A bullfrog (D:7)
  2 scorpions
  2 howler monkeys (D:6)
  2 orc priests (D:5)
  4 hounds
  A sleepcap (D:5)
  Jessica (D:3)
  5 iguanas
  An orc wizard (D:5)
  3 gnolls
  7 river rats (Sewer)
  11 adders
  A white imp (D:6)
  An ufetubus (D:6)
  4 worms
  2 dart slugs (D:4)
  16 orcs
  12 ball pythons
  16 bats
  11 endoplasms
  8 giant cockroaches
  3 goblins
  6 hobgoblins
  A jackal (D:2)
  9 quokkas
  6 frilled lizards
  4 kobolds
  4 rats
159 creatures vanquished.

Notes
Turn   | Place    | Note
-------+----------+-------------------------------------------
     0 | D:1      | promet the Merfolk Gladiator began the quest for the Orb.
     0 | D:1      | Reached XP level 1. HP: 16/16 MP: 1/1
   315 | D:1      | Reached XP level 2. HP: 23/23 MP: 2/2
  1155 | D:2      | Reached XP level 3. HP: 14/28 MP: 3/3
  1683 | D:1      | Reached XP level 4. HP: 6/34 MP: 4/4
  2695 | D:2      | Reached skill level 5 in Polearms
  3240 | D:3      | Reached skill level 5 in Dodging
  3349 | D:3      | Noticed Jessica
  3361 | D:3      | Killed Jessica
  3362 | D:3      | Reached skill level 1 in Armour
  3362 | D:3      | Reached XP level 5. HP: 36/41 MP: 5/5
  3718 | D:3      | Identified the +1 cloak "Muij" {-Tele Harm Fly rF+}
  4987 | D:4      | Learned a level 1 spell: Freeze
  5004 | D:4      | Noticed Blork the orc
  5017 | D:4      | Killed Blork the orc
  5018 | D:4      | Reached skill level 1 in Maces & Flails
  5018 | D:4      | Reached skill level 1 in Stealth
  5018 | D:4      | Reached XP level 6. HP: 30/47 MP: 6/6
  5090 | D:4      | Found a broken altar of Ashenzari.
  5395 | D:4      | Noticed a black bear
  5404 | D:4      | Killed a black bear
  5733 | D:4      | Noticed Pikel
  5737 | D:5      | Entered Level 5 of the Dungeon
  5770 | D:5      | Found Keecieh's Assorted Antiques.
  5811 | D:4      | Found an iron altar of Okawaru.
  5845 | D:4      | Reached XP level 7. HP: 37/52 MP: 5/7
  6605 | D:4      | Noticed Eustachio
  6849 | D:4      | Reached skill level 6 in Dodging
  7122 | D:4      | Killed Eustachio
  7486 | D:5      | Found a sacrificial altar of Ru.
  7610 | D:5      | Became a worshipper of Ru the Awakened
  8171 | D:6      | Found a glowing drain.
  8191 | Sewer    | Entered a sewer
  8200 | Sewer    | Reached XP level 8. HP: 60/60 MP: 8/8
  8324 | Sewer    | Reached skill level 7 in Dodging
  8507 | Sewer    | Reached skill level 1 in Ranged Weapons
  9175 | D:6      | Learned a level 1 spell: Sandblast
  9204 | D:6      | Gained mutation: You are sensitive to extremes of
                  | temperature. (rF-, rC-) [Ru sacrifice]
  9204 | D:6      | Reached * piety under Ru
  9204 | D:6      | Reached ** piety under Ru
  9455 | D:6      | Found Leuts's Jewellery Boutique.
  9938 | D:6      | Noticed a yak
  9938 | D:6      | Noticed a yak
  9939 | D:6      | Noticed a yak
  9946 | D:6      | Noticed a yak
  9976 | D:5      | Killed a yak
  9977 | D:5      | Reached skill level 8 in Dodging
 10109 | D:5      | Killed a yak
 10122 | D:5      | Killed a yak
 10123 | D:5      | Reached XP level 9. HP: 26/66 MP: 9/9
 10456 | D:5      | Bought a scroll labelled MAKERO ZANE for 25 gold pieces
 10460 | D:5      | Bought a brass wand for 100 gold pieces
 10476 | D:6      | Reached skill level 9 in Dodging
 11247 | D:6      | Reached skill level 5 in Fighting
 11537 | D:7      | Found a shimmering altar of Xom.
 11537 | D:7      | Noticed Duvessa
 11537 | D:7      | Noticed Dowan
 11566 | D:7      | Succumbed to Duvessa's poison

Illustrated notes

Levels and vault maps discovered:
D:1:      spicycebolla_arrival_transporter_tutorial, layout_basic
D:2:      layout_loops_ring
D:3:      layout_basic, grunt_decor_fettered, wad_orctagon, uniq_jessica
D:4:      layout_basic, marbit_many_paths, mainiacjoe_overflow_alcove_1,
          uniq_eustachio, uniq_blork_the_orc, uniq_pikel
D:5:      layout_cave_pools, mainiacjoe_overflow_concentric_impassable,
          nicolae_take_the_stairs
D:6:      layout_basic, serial_shops, nicolae_shop_tiny_glass,
          portal_sewer_entry_f
D:7:      minmay_the_grid_octo_triangle [minmay_the_grid_octo_tetromino_candy,
          minmay_the_grid_octo_prize_star, minmay_the_grid_octo_pinwheel],
          layout_loops_cross, mainiacjoe_overflow_24_doors,
          gammafunk_temple_overflow_wave, hangedman_feature_mirror,
          uniq_duvessa, uniq_maggie

Skill      XL: |  1  2  3  4  5  6  7  8  9 |
---------------+----------------------------+-----
Fighting       | 3 4 5 |  5.1
Polearms       | 5 |  5.3
Dodging        | 5 6 8 9 |  9.3
Armour         | 1 3 |  3.3
Maces & Flails | 1 2 4 |  4.9
Stealth        | 1 2 |  2.2
Ranged Weapons | 2 |  2.2
Throwing       | |  2.7
Spellcasting   | |  0.1
Ice Magic      | |  0.2

Action                     |  1- 3 |  4- 6 |  7- 9 || total
---------------------------+-------+-------+-------++-------
  Melee: Trident           |    97 |    64 |     4 ||   165
         Punch             |       |     1 |     4 ||     5
         Club              |       |   107 |   310 ||   417
         Tailslap          |       |       |     4 ||     4
         Rapier            |       |       |     2 ||     2
   Fire: Sling             |     5 |     9 |     3 ||    17
         Shortbow          |       |       |    60 ||    60
  Throw: Dart              |       |     4 |     4 ||     8
         Throwing net      |       |     2 |     2 ||     4
         Javelin           |       |     1 |       ||     1
         Stone             |       |       |     7 ||     7
   Cast: Freeze            |       |     3 |       ||     3
 Invoke: Sacrifice Resista |       |       |     1 ||     1
  Evoke: Wand              |       |       |     1 ||     1
    Use: Scroll            |     1 |     7 |     7 ||    15
         Potion            |       |       |     7 ||     7
   Stab: Sleeping          |     2 |     2 |     5 ||     9
         Distracted        |       |       |     2 ||     2
         Held in net/web   |       |       |     2 ||     2
 Armour: Leather armour    |    24 |    27 |    76 ||   127
         Steam dragon scal |       |       |    11 ||    11
  Dodge: Dodged            |    60 |   113 |   279 ||   452

Table legend: (Time is in decaauts)
 A = Elapsed time spent in this place.
 B = Non-inter-level travel time spent in this place.
 C = Inter-level travel time spent in this place.
 D = Time resting spent in this place.
 E = Time spent auto-exploring this place.
 F = Levels seen in this place.
 G = Mean time per level.
                   A        B        C        D        E       F      G
               +--------+--------+--------+--------+--------+-----+--------+
         Total |  11483 |  11289 |    194 |   4375 |   2977 |   8 | 1435.4 |
       Dungeon |  10660 |  10466 |    194 |   4045 |   2960 |   7 | 1522.9 |
         Sewer |    823 |    823 |      0 |    330 |     16 |   1 |  823.0 |
               +--------+--------+--------+--------+--------+-----+--------+

Top non-repeatable levels by time:
     D:4: 2217 daAuts
     D:6: 2088 daAuts
     D:3: 1846 daAuts
     D:2: 1497 daAuts
     D:1: 1481 daAuts
     D:5: 1455 daAuts
   Sewer: 823 daAuts
     D:7: 74 daAuts
